 Dungeon Crawl Stone Soup version 0.31-a0-1300-gb6740aa4e6 (webtiles) character file.

Game seed: 11894798347030684239

52 Rennog the Fighter (level 3, 0/57 HPs)
             Began as a Gnoll Wanderer on Dec 18, 2023.
             Succumbed to Robin's poison
             ... on level 1 of the Dungeon.
             The game lasted 00:02:39 (1418 turns).

Rennog the Fighter (Gnoll Wanderer)                 Turns: 1418, Time: 00:02:39

Health: 0/57       AC: 21    Str: 13    XL:     3   Next: 85%
Magic:  5/5        EV:  2    Int: 11    God:
Gold:   83         SH:  0    Dex: 11    Spells: 4/4 levels left

rFire   . . .        a - +3 dagger
rCold   . . .        (no shield)
rNeg    . . .        n - melded +0 scale mail
rPois   +            (helmet currently unavailable)
rElec   .            (cloak currently unavailable)
rCorr   .            (gloves currently unavailable)
SInv    .            (boots currently unavailable)
Will    .....        (no amulet)
Stlth   +            (no ring)
HPRegen 0.29/turn    (no ring)
MPRegen 0.09/turn

%: no passive effects
@: lethally poisoned (0 -> -27), tree-form
A: stationary, stasis, torment immunity, boosted hp, (fangs 1), strong nose,
distributed training
a: no special abilities


You were on level 1 of the Dungeon.
You were a tree.
You visited 1 branch of the dungeon, and saw 2 of its levels.

You collected 83 gold pieces.

Inventory:

Hand Weapons
 a - a +3 dagger (weapon)
 c - a +0 sling
Missiles
 b - 4 curare-tipped darts (quivered)
 m - 3 boomerangs
Armour
 e - a +0 robe
 n - a +0 scale mail (melded)
Magical Staves
 g - a staff of fire
Jewellery
 l - a ring of fire
 o - an amulet of regeneration
Scrolls
 d - 2 scrolls of blinking
 f - a scroll of enchant weapon {unknown}
 h - 3 scrolls of identify {unknown}
 i - a scroll of vulnerability {unknown}
 j - a scroll of immolation {unknown}
 k - a scroll of teleportation {unknown}


   Skills:
 + Level 8.5 Fighting
 + Level 1.0 Short Blades
 + Level 1.0 Long Blades
 + Level 1.0 Axes
 + Level 1.0 Maces & Flails
 + Level 1.0 Polearms
 + Level 1.0 Staves
 + Level 4.6 Ranged Weapons
 + Level 4.6 Throwing
 + Level 2.6 Armour
 + Level 1.0 Dodging
 + Level 1.0 Stealth
 + Level 1.0 Shields
 + Level 1.0 Unarmed Combat
 + Level 1.0 Spellcasting
 + Level 0.7 Conjurations
 + Level 0.7 Hexes
 + Level 0.7 Summonings
 + Level 0.7 Necromancy
 + Level 0.7 Translocations
 + Level 0.7 Transmutations
 + Level 0.7 Fire Magic
 + Level 0.7 Ice Magic
 + Level 0.7 Air Magic
 + Level 0.7 Earth Magic
 + Level 0.7 Poison Magic
 + Level 2.7 Invocations
 + Level 1.0 Evocations
 + Level 0.8 Shapeshifting


You had 4 spell levels left.
You didn't know any spells.
Your spell library was empty.

Dungeon Overview and Level Annotations

Branches:
Dungeon (2/15)

Altars:

Annotations:
D:1 Robin
D:2 Terence


Innate Abilities, Weirdness & Mutations

You are a tree.
Your roots penetrate the ground, keeping you stationary.
You cannot be teleported.
You are immune to unholy pain and torment.
Your maximum health is greatly increased.
Your equipment is partially melded.
((You have very sharp teeth.))
Your uncanny sense of smell can sniff out nearby items.
Your experience applies equally to all skills.


Message History

Robin hits you but does no damage.
You are poisoned.
The goblin hits you but does no damage.
You closely miss Robin.
Robin is lightly wounded.
You feel sick. Robin hits you with a +2 mace of venom.
The goblin hits you with a +0 dagger.
You hit Robin.
Robin is lightly wounded.
You feel sick. Robin hits you but does no damage.
You are more poisoned.
The goblin hits you with a +0 dagger.
You hit Robin.
Robin is heavily wounded.
You feel very sick. Robin hits you with a +2 mace of venom!
You are lethally poisoned!
You are too injured to fight recklessly!
You are too injured to fight recklessly!
You are too injured to fight recklessly!
You are too injured to fight recklessly!
It was a potion of lignification.
You turn into a tree.
Your +0 scale mail melds into your body.
Your roots penetrate the ground.
* * * LOW HITPOINT WARNING * * *
You feel very sick. The goblin hits you but does no damage.
Robin hits you but does no damage.
You are more poisoned.
Press: ? - help, v - describe, . - travel
Here: Robin, wielding a +2 mace of venom, wearing a +0 animal skin and wearing a +0 helmet (heavily wounded)
The floor.
Unknown command.
You hit Robin.
Robin is severely wounded.
* * * LOW HITPOINT WARNING * * *
You feel extremely sick. The goblin hits you but does no damage.
You hit Robin.
Robin is almost dead.
You die...

### ..# ..#
############### ..#
#.............#
..####.........)†g.#
..'..'..........♣).#
..####..........g).#
..# ###########'###
..######### #.#
..........# #.#
#########.# ####.#
........#.###....#
#########.#...##.#
#...####)#


You could see Robin and a goblin (strong).

Vanquished Creatures
  An adder (D:2)
  2 dart slugs
  2 ball pythons (D:2)
  4 bats
  5 endoplasms
  3 giant cockroaches
  6 goblins (D:1)
  2 hobgoblins
  3 jackals (D:1)
  A frilled lizard (D:1)
  2 kobolds
  2 rats (D:1)
33 creatures vanquished.

Notes
Turn   | Place    | Note
-------+----------+-------------------------------------------
     0 | D:1      | Rennog the Gnoll Wanderer began the quest for the Orb.
     0 | D:1      | Rennog set off with the following items: a +3 dagger, 4
                  | curare-tipped darts, a +0 sling, a scroll of blinking, a +0
                  | robe.
     0 | D:1      | Reached XP level 1. HP: 26/26 MP: 2/2
   132 | D:1      | Reached XP level 2. HP: 32/33 MP: 3/3
   971 | D:2      | Noticed Terence
  1073 | D:2      | Reached XP level 3. HP: 38/38 MP: 4/4
  1346 | D:2      | Noticed Robin
  1393 | D:1      | Reached skill level 1 in Short Blades
  1393 | D:1      | Reached skill level 1 in Long Blades
  1393 | D:1      | Reached skill level 1 in Axes
  1393 | D:1      | Reached skill level 1 in Maces & Flails
  1393 | D:1      | Reached skill level 1 in Polearms
  1393 | D:1      | Reached skill level 1 in Staves
  1393 | D:1      | Reached skill level 1 in Dodging
  1393 | D:1      | Reached skill level 1 in Stealth
  1393 | D:1      | Reached skill level 1 in Shields
  1393 | D:1      | Reached skill level 1 in Unarmed Combat
  1393 | D:1      | Reached skill level 1 in Spellcasting
  1393 | D:1      | Reached skill level 1 in Evocations
  1418 | D:1      | Succumbed to Robin's poison

Illustrated notes

Levels and vault maps discovered:
D:1:      wheals_arrival_linesprint, layout_basic, nicolae_titane
D:2:      layout_loops_cross, basic_altar, uniq_terence, uniq_sigmund,
          uniq_robin

Skill      XL: |  1  2  3 |
---------------+----------+-----
Short Blades   | 1 |  1.0
Long Blades    | 1 |  1.0
Axes           | 1 |  1.0
Maces & Flails | 1 |  1.0
Polearms       | 1 |  1.0
Staves         | 1 |  1.0
Dodging        | 1 |  1.0
Stealth        | 1 |  1.0
Shields        | 1 |  1.0
Unarmed Combat | 1 |  1.0
Spellcasting   | 1 |  1.0
Evocations     | 1 |  1.0
Fighting       | |  8.5
Ranged Weapons | |  4.6
Throwing       | |  4.6
Armour         | |  2.6
Conjurations   | |  0.7
Hexes          | |  0.7
Summonings     | |  0.7
Necromancy     | |  0.7
Translocations | |  0.7
Transmutations | |  0.7
Fire Magic     | |  0.7
Ice Magic      | |  0.7
Air Magic      | |  0.7
Earth Magic    | |  0.7
Poison Magic   | |  0.7
Invocations    | |  2.7
Shapeshifting  | |  0.8

Action                     || total
---------------------------++-------
  Melee: Dagger            ||    50
         Bite              ||     5
   Fire: Sling             ||    54
    Use: Potion            ||     1
 Armour: Robe              ||    23
         Scale mail        ||    41
         Skin              ||     3
  Dodge: Dodged            ||    39

Table legend: (Time is in decaauts)
 A = Elapsed time spent in this place.
 B = Non-inter-level travel time spent in this place.
 C = Inter-level travel time spent in this place.
 D = Time resting spent in this place.
 E = Time spent auto-exploring this place.
 F = Levels seen in this place.
 G = Mean time per level.
                   A        B        C        D        E       F      G
               +--------+--------+--------+--------+--------+-----+--------+
         Total |   1435 |   1270 |    165 |     11 |    980 |   2 |  717.5 |
       Dungeon |   1435 |   1270 |    165 |     11 |    980 |   2 |  717.5 |
               +--------+--------+--------+--------+--------+-----+--------+

Top non-repeatable levels by time:
     D:1: 1110 daAuts
     D:2: 325 daAuts
